 Dungeon Crawl Stone Soup version 0.19-a0-1176-g1ecfaa6 (webtiles) character file.

4372 pszszszszsz the Thaumaturge (level 10, 0/52 HPs)
             Began as a Gargoyle Earth Elementalist on Aug 17, 2016.
             Was a Follower of Vehumet.
             Slain by a yak (5 damage)
             ... on level 8 of the Dungeon.
             The game lasted 00:31:33 (11103 turns).

pszszszszsz the Thaumaturge (GrEE)                 Turns: 11103, Time: 00:31:35

Health: 0/52       AC: 14    Str: 15    XL:     10   Next: 34%
Magic:  16/23      EV: 12    Int: 21    God:    Vehumet [*.....]
Gold:   433        SH:  0    Dex: 10    Spells: 4 memorised, 18 levels left

rFire  . . .     SeeInvis .     h - +4 mace (drain)
rCold  + . .     Gourm    .     y - +1 robe {rC+}
rNeg   + . .     Faith    .     (no shield)
rPois  ∞         Spirit   .     k - +0 helmet
rElec  +         Dismiss  .     (no cloak)
rCorr  .         Reflect  .     i - +2 pair of gloves
MR     .....     Harm     .     (no boots)
Stlth  ++........               (no amulet)
                                u - +3 ring of intelligence
                                f - +2 ring of strength

@: no status effects
A: negative energy resistance 1, electricity resistance, unbreathing,
petrification resistance, rot immunity, AC +7
a: Renounce Religion


You were on level 8 of the Dungeon.
You worshipped Vehumet.
Vehumet was aware of your devotion.
You were not hungry.

You visited 2 branches of the dungeon, and saw 9 of its levels.

You collected 433 gold pieces.

Inventory:

Hand Weapons
 h - a +4 mace of draining (weapon)
 n - a +0 flail of protection
 o - a +1 whip of venom
Missiles
 b - 214 stones (quivered)
Armour
 i - a +2 pair of gloves (worn)
 k - a +0 helmet (worn)
 y - a +1 robe of cold resistance (worn)
Jewellery
 f - a +2 ring of strength (left hand)
 u - a +3 ring of intelligence (right hand)
Wands
 s - a wand of digging (24/24)
Scrolls
 g - 2 scrolls of remove curse
Potions
 c - a potion of cancellation
 p - 2 potions of flight
 q - a potion of ambrosia
 r - a potion of lignification
 t - a potion of resistance
 v - a potion of invisibility
 x - 2 potions of agility
 A - a potion of degeneration {unknown}
Books
 e - a book of Geomancy

   Spells                             Type                      Level
   a - Sandblast                      Earth                        1
   b - Passwall                       Transmutation/Earth          2
   c - Stone Arrow                    Conjuration/Earth            3
   d - Petrify                        Transmutation/Earth          4
   e - Lee's Rapid Deconstruction     Earth                        5
 z - a book of Cantrips

   Spells                             Type                      Level
   a - Confusing Touch                Hexes                        1
   b - Animate Skeleton               Necromancy                   1
   c - Summon Small Mammal            Summoning                    1
   d - Apportation                    Translocation                1
Comestibles
 a - 4 chunks of flesh
 d - 2 bread rations
 j - 6 meat rations
 m - 8 fruits


   Skills:
 + Level 1.0 Fighting
 + Level 1.2 Maces & Flails
 + Level 1.2 Armour
 + Level 2.0 Dodging
 - Level 2.1 Stealth
 * Level 9.7 Spellcasting
 + Level 7.4 Conjurations
   Level 0.7 Transmutations
 + Level 9.5 Earth Magic


You had 18 spell levels left.
You knew the following spells:

 Your Spells              Type           Power        Failure   Level  Hunger
a - Sandblast             Erth           ######       1%          1    None
b - Stone Arrow           Conj/Erth      #####.       1%          3    None
c - Lee's Rapid Deconstr  Erth           ######....   4%          5    ####...
d - Apportation           Tloc           ##........   10%         1    None


Dungeon Overview and Level Annotations

Branches:
Dungeon (8/15)             Temple (1/1) D:7
   Lair: D:8-11

Altars:
Ashenzari
Cheibriados
Dithmenos
Elyvilon
Fedhas
Gozag
Hepliaklqana
Kikubaaqudgha
Makhleb
Nemelex Xobeh
Okawaru
Qazlal
Ru
Sif Muna
Trog
Uskayaw
Vehumet
Xom
Yredelemnul
The Shining One

Shops:
D:6 *


Innate Abilities, Weirdness & Mutations

You are resistant to torment.
Your stone body is resilient. (AC +7)
You are immune to poison.
You resist negative energy. (rN+)
You are resistant to electric shocks. (rElec)
You can survive without breathing.
You are immune to petrification.
You are immune to rotting.


Message History

Vehumet accepts your kill.
You feel your power returning.
Your Fighting skill increases to level 1!
Casting: Stone Arrow
Confirm with . or Enter, or press ? or * to list all spells.
Aiming: Stone Arrow
Press: ? - help, Shift-Dir - straight line, f - yak
Aim: a yak The stone arrow hits the yak.
The yak is lightly wounded.
The yak gores you!
* * * LOW HITPOINT WARNING * * *
You hit the yak.
The yak is moderately wounded.
The yak gores you.
* * * LOW HITPOINT WARNING * * *
The yak barely misses you. The yak gores you.
* * * LOW HITPOINT WARNING * * *
The yak gores you.
You die...

## ..# ...#
###########....#
......Y@YYS....#
.#.####Y###....#########
........Y.Y.............
........................
..###...###...###...# #.
#...# #...# #...# #.
.###...###...###...###.
........)...............
........................


You could see 5 yaks and an adder.

Vanquished Creatures
  An unseen horror (D:8)
  Joseph (D:7)
  The ghost of Eukament the Ruffian, an amateur TrMo (D:5)
  Sigmund (D:4)
  A yak (D:8)
  Eustachio (D:5)
  Menkaure (D:7)
  Edmund (D:4)
  Duvessa (D:7)
  An orc warrior (D:6)
  An ice beast (D:7)
  A phantom (D:3)
  5 ogres
  A centaur (D:6)
  A big kobold (D:8)
  5 giant frogs
  A gnoll sergeant (D:4)
  Dowan (D:7)
  2 scorpions
  A howler monkey (D:5)
  A centaur zombie (D:8)
  4 gnoll shamans
  4 hounds
  2 jellies
  An orc priest (D:3)
  Terence (D:3)
  2 iguanas
  3 orc wizards
  2 hound skeletons
  A howler monkey zombie (D:8)
  A worker ant zombie (D:5)
  Robin (D:3)
  11 adders
  35 gnolls
  A shadow imp (D:8)
  2 oozes
  An adder skeleton (D:6)
  3 worms
  4 dart slugs
  2 giant geckos (D:3)
  29 orcs
  6 bats
  8 giant cockroaches
  10 goblins
  13 hobgoblins
  20 jackals
  2 quokkas
  2 ball pythons
  A giant gecko skeleton (D:4)
  A giant gecko zombie (D:6)
  4 giant newts
  A jackal skeleton (D:4)
  19 kobolds
  8 rats
235 creatures vanquished.

Notes
Turn   | Place    | Note
-------+----------+-------------------------------------------
     0 | D:1      | pszszszszsz the Gargoyle Earth Elementalist began the quest for the Orb.
     0 | D:1      | Reached XP level 1. HP: 10/10 MP: 3/3
   120 | D:1      | Reached XP level 2. HP: 14/15 MP: 5/5
  1206 | D:1      | Found a shimmering altar of Xom.
  1262 | D:1      | Reached XP level 3. HP: 19/19 MP: 7/7
  1270 | D:1      | Learned a level 3 spell: Stone Arrow
  1625 | D:2      | Reached skill level 1 in Conjurations
  1625 | D:2      | Reached XP level 4. HP: 20/24 MP: 9/9
  2593 | D:3      | Found a burning altar of Makhleb.
  2610 | D:3      | Reached XP level 5. HP: 26/28 MP: 10/10
  2617 | D:3      | Learned a level 5 spell: Lee's Rapid Deconstruction
  2620 | D:3      | Noticed Terence
  2627 | D:3      | Killed Terence
  2988 | D:3      | Noticed Robin
  3013 | D:3      | Killed Robin
  3166 | D:3      | Reached skill level 5 in Earth Magic
  3508 | D:3      | Reached XP level 6. HP: 32/32 MP: 12/12
  3804 | D:3      | Noticed a phantom
  3843 | D:3      | Killed a phantom
  4318 | D:4      | Noticed Sigmund
  4324 | D:4      | Killed Sigmund
  4324 | D:4      | Reached skill level 5 in Spellcasting
  4324 | D:4      | Reached XP level 7. HP: 36/36 MP: 4/14
  4908 | D:4      | Noticed Edmund
  4939 | D:4      | Killed Edmund
  5263 | D:4      | Reached XP level 8. HP: 30/41 MP: 17/17
  6380 | D:5      | Entered Level 5 of the Dungeon
  6490 | D:5      | Noticed Eukament's ghost (amateur TrMo)
  6517 | D:5      | Killed Eukament's ghost
  6517 | D:5      | Reached skill level 5 in Conjurations
  6680 | D:5      | Noticed Eustachio
  6686 | D:5      | Killed Eustachio
  6686 | D:5      | Reached XP level 9. HP: 45/45 MP: 4/20
  7154 | D:6      | Found Elun's Assorted Antiques.
  8407 | D:7      | Found a staircase to the Ecumenical Temple.
  8410 | Temple   | Entered the Ecumenical Temple
  8415 | Temple   | Became a worshipper of Vehumet
  8725 | D:7      | Noticed Duvessa
  8726 | D:7      | Noticed Dowan
  8731 | D:7      | Killed Duvessa
  8733 | D:7      | Killed Dowan
  8816 | D:7      | Found a sparkling altar of Nemelex Xobeh.
  8819 | D:7      | Found a hide-covered altar of Uskayaw.
  8852 | D:7      | Noticed Joseph
  8868 | D:7      | Killed Joseph
  8868 | D:7      | Reached XP level 10. HP: 43/50 MP: 9/23
  9114 | D:7      | Learned a level 1 spell: Apportation
  9326 | D:7      | Noticed Menkaure
  9347 | D:7      | Killed Menkaure
 10675 | D:8      | Reached * piety under Vehumet
 10675 | D:8      | Offered knowledge of Freeze by Vehumet.
 10755 | D:8      | HP: 1/50 [something (3)]
 10757 | D:8      | Killed an unseen horror
 10757 | D:8      | Reached skill level 1 in Maces & Flails
 10757 | D:8      | Reached skill level 1 in Armour
 11100 | D:8      | Reached skill level 1 in Fighting
 11103 | D:8      | Slain by a yak

Vault maps used:
D:1:      dpeg_arrival_short_road, xom_teletrap_fun
D:3:      lemuel_round_altar, dk_noncrumbling_2, uniq_robin, uniq_terence
D:4:      lemuel_castle_with_subvaults, uniq_sigmund, uniq_edmund
D:5:      first_bread, uniq_eustachio
D:6:      serial_shops, shop
D:7:      grunt_temple_overflow_open, uniq_duvessa, uniq_joseph, uniq_menkaure
D:8:      kennysheep_boxes, uniq_erica
Temple:   nicolae_temple_elliptical

Skill      XL: |  1  2  3  4  5  6  7  8  9 10 |
---------------+-------------------------------+-----
Earth Magic    | 4 5 6 7 9 |  9.5
Spellcasting   | 3 4 5 6 7 9 |  9.7
Conjurations   | 1 2 3 4 5 7 |  7.4
Maces & Flails | 1 |  1.2
Armour         | 1 |  1.2
Dodging        | 2 |  2.0
Fighting       | 1 |  1.0
Stealth        | |  2.1
Transmutations | |  0.7

Action                   |  1- 3 |  4- 6 |  7- 9 | 10-12 || total
-------------------------+-------+-------+-------+-------++-------
Melee: Mace              |    92 |   213 |   399 |    94 ||   798
 Cast: Sandblast         |     5 |       |       |       ||     5
       Stone Arrow       |       |     4 |    46 |    15 ||    65
       Lee's Rapid Decon |       |       |     2 |       ||     2
  Use: Scroll            |       |    15 |     4 |     5 ||    24
       Potion            |       |     2 |     2 |     2 ||     6
 Stab: Sleeping          |     1 |     4 |       |     1 ||     6
       Distracted        |       |     1 |       |       ||     1
  Eat: Chunk             |     2 |     9 |    17 |     4 ||    32
       Fruit             |       |       |       |     2 ||     2
       Beef jerky        |       |       |       |     1 ||     1
Armor: Robe              |    43 |   103 |   249 |    82 ||   477
Dodge: Dodged            |    74 |   164 |   362 |    90 ||   690
